 Dungeon Crawl Stone Soup version 0.28-a0-475-g7dc2aef8ca (webtiles) character file.

Game seed: 14380622503075854043

39 Akmetra the Grave Robber (level 3, -2/26 HPs)
             Began as a Ghoul Necromancer on Sept 16, 2021.
             Slain by an adder (4 damage)
             ... on level 2 of the Dungeon.
             The game lasted 00:07:24 (1889 turns).

Akmetra the Grave Robber (Ghoul Necromancer)        Turns: 1889, Time: 00:07:25

Health: -2/26      AC:  2    Str: 11    XL:     3   Next: 47%
Magic:  2/5        EV: 12    Int: 11    God:
Gold:   41         SH:  0    Dex:  9    Spells: 4/6 levels left

rFire   . . .      SeeInvis .   c - +0 dagger
rCold   + . .      Faith    .   (no shield)
rNeg    + + +      Spirit   .   a - +0 robe
rPois   ∞          Reflect  .   (no helmet)
rElec   .          Harm     .   (no cloak)
rCorr   .          Rampage  .   (no gloves)
Will    .....                   (no boots)
Stlth   ++........              (no amulet)
HPRegen 0.00/turn               (no ring)
MPRegen 0.09/turn               (no ring)

@: inhibited regen
A: claws 1, cold resistance 1, negative energy resistance 3, inhibited
regeneration, torment resistance 2
a: no special abilities


You were on level 2 of the Dungeon.
You visited 1 branch of the dungeon, and saw 2 of its levels.

You collected 41 gold pieces.

Inventory:

Hand Weapons
 c - a +0 dagger (weapon)
Armour
 a - a +0 robe (worn)
Jewellery
 b - a +6 ring of dexterity
Scrolls
 d - a scroll of identify {unknown}
 e - a scroll of teleportation {unknown}
 g - a scroll of blinking {unknown}
 h - a scroll of enchant weapon {unknown}
Potions
 f - 2 potions of curing {unknown}
 i - a potion of brilliance {unknown}


   Skills:
 + Level 0.6 Short Blades
 + Level 1.9 Dodging
 + Level 2.2 Stealth
 + Level 2.2 Spellcasting
 + Level 4.6 Necromancy


You had 4 spell levels left.
You knew the following spells:

 Your Spells              Type           Power      Damage    Failure   Level
a - Pain                  Necr           44%        1d6       4%          1
b - Animate Skeleton      Necr           22%        N/A       4%          1

Your spell library contained the following spells:

 Spells                   Type           Power      Damage    Failure   Level
 Vampiric Draining        Necr           5%         2d6       13%         3
 Animate Dead             Necr           5%         N/A       38%         4
 Gell's Gravitas          Tloc           0%         N/A       65%         3
 Teleport Other           Tloc           1%         N/A       65%         3
 Agony                    Necr           11%        N/A       75%         5
 Dispersal                Tloc           0%         N/A       100%        6


Dungeon Overview and Level Annotations

Branches:
Dungeon (2/15)

Altars:

Shops:
D:2 ?


Innate Abilities, Weirdness & Mutations

You thrive by killing the living.
You are immune to poison.
You have sharp fingernails.
Your flesh is cold resistant. (rC+)
You are immune to negative energy. (rN+++)
You do not regenerate when monsters are visible.
You are immune to unholy pain and torment.


Message History

You hit the adder.
The adder is heavily wounded.
The adder closely misses you.
You hit the adder.
The adder is heavily wounded.
The adder bites you. The adder barely misses you.
You barely miss the adder.
The adder is heavily wounded.
The adder misses you.
You closely miss the adder.
The adder is heavily wounded.
The adder bites you.
You hit the adder.
The adder is almost dead.
The adder bites you.
* * * LOW HITPOINT WARNING * * *
You miss the adder.
The adder is almost dead.
The adder closely misses you. x2
You barely miss the adder.
The adder is almost dead.
The adder closely misses you.
You closely miss the adder.
The adder is almost dead.
The adder bites you.
* * * LOW HITPOINT WARNING * * *
You barely miss the adder.
The adder is almost dead.
The adder barely misses you.
You closely miss the adder.
The adder is almost dead.
The adder misses you. The adder bites you.
* * * LOW HITPOINT WARNING * * *
You miss the adder.
The adder is almost dead.
The adder closely misses you.
You barely miss the adder.
The adder is almost dead.
The adder bites you.
You die...

.#.. #.# ##.###.## ##
....###.###.......####.
.....................+.
........###.###...####.
.#####..# #.# #..## ##
#..# #.###.## # #..#
#.....# #..# #.#.#.#
.#####@?# #.....#
#......S.# ###†### ###
##.......# #)# #..
###.##### #.# #.# #.
##.## #.# #
##.#.######.#
#.###........
##.#.######.# ##.## #..


You could see an adder.

Vanquished Creatures
  3 ball pythons
  An endoplasm (D:1)
  A giant cockroach (D:2)
  4 goblins (D:1)
  4 hobgoblins (D:1)
  6 jackals
  A quokka (D:1)
  3 bats (D:1)
  3 frilled lizards
  4 kobolds
  3 rats
33 creatures vanquished.

Vanquished Creatures (collateral kills)
  A kobold (D:1)
1 creature vanquished.

Grand Total: 34 creatures vanquished

Notes
Turn   | Place    | Note
-------+----------+-------------------------------------------
     0 | D:1      | Akmetra the Ghoul Necromancer began the quest for the Orb.
     0 | D:1      | Reached XP level 1. HP: 14/14 MP: 2/2
   228 | D:1      | Reached XP level 2. HP: 17/20 MP: 1/3
   538 | D:1      | Learned a level 1 spell: Animate Skeleton
  1142 | D:1      | Reached XP level 3. HP: 26/26 MP: 1/5
  1554 | D:2      | Found Xeumuosa's Magic Scroll Emporium.
  1889 | D:2      | Slain by an adder

Illustrated notes

Levels and vault maps discovered:
D:1:      heliophobic_arrival_henge, layout_basic
D:2:      layout_loops_corners, basic_altar, serial_shops, nicolae_square_shop,
          uniq_sigmund

Skill      XL: |  1  2 |
---------------+-------+-----
Spellcasting   | 2 |  2.2
Short Blades   | |  0.6
Dodging        | |  1.9
Stealth        | |  2.2
Necromancy     | |  4.6

Action                   || total
-------------------------++-------
Melee: Dagger            ||    94
       Unarmed           ||     5
 Cast: Pain              ||    44
       Animate Skeleton  ||     5
Armor: Robe              ||    19
Dodge: Dodged            ||    88

Table legend: (Time is in decaauts)
 A = Elapsed time spent in this place.
 B = Non-inter-level travel time spent in this place.
 C = Inter-level travel time spent in this place.
 D = Time resting spent in this place.
 E = Time spent auto-exploring this place.
 F = Levels seen in this place.
 G = Mean time per level.
                   A        B        C        D        E       F      G
               +--------+--------+--------+--------+--------+-----+--------+
         Total |   1886 |   1840 |     46 |      0 |   1498 |   2 |  943.0 |
       Dungeon |   1886 |   1840 |     46 |      0 |   1498 |   2 |  943.0 |
               +--------+--------+--------+--------+--------+-----+--------+

Top non-repeatable levels by time:
     D:1: 1549 daAuts
     D:2: 337 daAuts
